 Dungeon Crawl Stone Soup version 0.25-a0-803-g58bd18402a (webtiles) character file.

Game seed: 11662364311655121675, levelgen mode: deterministic

21749 mopedfahrer the Cleaver (level 12, -17/118 HPs)
             Began as a Deep Dwarf Fighter on Apr 19, 2020.
             Was a Believer of Elyvilon.
             Hit by a large rock thrown by a cyclops (33 damage)
             ... on level 13 of the Dungeon.
             The game lasted 01:41:26 (12310 turns).

mopedfahrer the Cleaver (Deep Dwarf Fighter)       Turns: 12310, Time: 01:41:26

Health: -17/118    AC: 24    Str: 24    XL:     12   Next: 56%
Magic:  3/3        EV:  6    Int: 10    God:    Elyvilon [**....]
Gold:   576        SH: 11    Dex: 12    Spells: 11/11 levels left

rFire    . . .     SeeInvis .   a - +0 war axe
rCold    + . .     Gourm    .   c - +0 kite shield
rNeg     . . .     Faith    .   h - +2 plate armour {rC+}
rPois    .         Spirit   .   B - +0 helmet
rElec    .         Reflect  .   C - +1 cloak
rCorr    .         Harm     .   (no gloves)
MR       +....                  v - +2 pair of boots {Stlth+}
Stlth    ..........             (no amulet)
HPRegen  0.00/turn              (no ring)
MPRegen  0.08/turn              (no ring)

@: non-regenerating
A: damage resistance, heal wounds, sense surroundings 2, no regeneration
a: Heal Wounds, Lesser Healing, Heal Other, Divine Protection, Renounce Religion


You were on level 13 of the Dungeon.
You worshipped Elyvilon.
Elyvilon was pleased with you.
You were not hungry.

You visited 1 branch of the dungeon, and saw 13 of its levels.

You collected 816 gold pieces.
You spent 240 gold pieces at shops.

Inventory:

Hand Weapons
 a - a +0 war axe (weapon)
 w - the +9 mace "Roklec" {antimagic, rC+}
   (You found it on level 5 of the Dungeon)

   It reduces the magical energy of the wielder, and disrupts the spells and
   magical abilities of those hit.
   Natural abilities and divine invocations are not affected.
   It protects you from cold.
 G - a +0 antimagic hand axe
Armour
 c - a +0 kite shield (worn)
 h - a +2 plate armour of cold resistance (worn)
 v - a +2 pair of boots of stealth (worn)
 B - a +0 helmet (worn)
 C - a +1 cloak (worn)
 O - a +1 plate armour of fire resistance
Wands
 b - a wand of disintegration (6)
 g - a wand of paralysis (5)
 o - a wand of iceblast (23)
 x - a wand of digging (5)
 y - a wand of acid (2)
Scrolls
 j - 5 scrolls of teleportation
 m - 3 scrolls of amnesia {unknown}
 q - 3 scrolls of enchant armour {unknown}
 r - 2 scrolls of identify
 s - 4 scrolls of immolation
 t - 5 scrolls of remove curse
 E - a scroll of fear {unknown}
 F - a scroll of fog {unknown}
 H - a scroll of magic mapping {unknown}
 I - 2 scrolls of torment {unknown}
 J - a scroll of holy word {unknown}
 K - a scroll of acquirement {unknown}
 L - a scroll of random uselessness {unknown}
Potions
 d - 2 potions of might
 e - 3 potions of lignification
 i - a potion of curing
 k - 2 potions of resistance {unknown}
 l - 4 potions of stabbing {unknown}
 n - 3 potions of haste {unknown}
 p - 4 potions of brilliance
 u - a potion of berserk rage {unknown}
 z - 2 potions of flight {unknown}
 A - 3 potions of heal wounds
 D - a potion of invisibility {unknown}
 M - a potion of magic {unknown}
 N - a potion of mutation {unknown}
 P - a potion of cancellation {unknown}
Comestibles
 f - a ration


   Skills:
 * Level 10.7 Fighting
 + Level 13.8 Axes
 + Level 11.4 Armour
 + Level 8.0 Shields
 - Level 4.1 Invocations


You had 11 spell levels left.
You didn't know any spells.
Your spell library contained the following spells:

 Spells                   Type           Power        Failure   Level  Hunger
 Animate Skeleton         Necr           N/A          100%        1    ##.....
 Apportation              Tloc           #.....       100%        1    ##.....
 Beastly Appendage        Tmut           #.....       100%        1    ##.....
 Corona                   Hex            #......      100%        1    ##.....
 Infusion                 Chrm           #...         100%        1    ##.....
 Magic Dart               Conj           #...         100%        1    ##.....
 Pain                     Necr           #...         100%        1    ##.....
 Summon Small Mammal      Summ           #...         100%        1    ##.....
 Blink                    Tloc           N/A          100%        2    ###....
 Call Imp                 Summ           #.......     100%        2    ###....
 Shroud of Golubria       Chrm/Tloc      #.....       100%        2    ###....
 Slow                     Hex            #.......     100%        2    ###....
 Song of Slaying          Chrm           #.......     100%        2    ###....
 Sticks to Snakes         Tmut           #.......     100%        2    ###....
 Conjure Flame            Conj/Fire      #.......     100%        3    ####...
 Mephitic Cloud           Conj/Pois/Air  #.......     100%        3    ####...
 Ozocubu's Armour         Chrm/Ice       #.......     100%        3    ####...
 Spectral Weapon          Hex/Chrm       #.......     100%        3    ####...
 Spider Form              Tmut/Pois      #.........   100%        3    ####...
 Ice Form                 Ice/Tmut       #.......     100%        4    #####..
 Alistair's Intoxication  Tmut/Pois      #.......     100%        5    ######.
 Blade Hands              Tmut           #.........   100%        5    ######.
 Irradiate                Conj/Tmut      #.........   100%        5    ######.
 Hydra Form               Tmut           #.........   100%        6    #######


Dungeon Overview and Level Annotations

Branches:
Dungeon (13/15)            Temple (0/1) D:7            Lair (0/6) D:8
    Orc (0/2) D:10
 Vaults: D:13-14

Altars:
Ashenzari
Dithmenos
Elyvilon
Gozag
Makhleb
Nemelex Xobeh
Okawaru
Qazlal
Ru
Sif Muna
Uskayaw
Xom

Shops:
D:4 [   D:7 }

Portals:
Ice
Cave: D:13


Innate Abilities, Weirdness & Mutations

You are resistant to damage.
You can heal yourself by infusing magical energy.
You passively map the area around you.
You do not regenerate.


Message History

You kill the scorpion!
You hit the troll.
You kill the troll!
The troll leather armour is intact enough to wear.
The cyclops hits you!
* * * LOW HITPOINT WARNING * * *
The tengu warrior hits you but does no damage.
The tengu warrior pecks you but does no damage.
The tengu warrior claws you but does no damage.
Really read the scroll of immolation?
As you read the scroll of immolation, it crumbles to dust.
The creatures around you are filled with an inner flame!
Unknown command.
The tengu conjurer gestures wildly while chanting.
The tengu conjurer blinks!
The tengu warrior closely misses you.
The tengu warrior pecks you but does no damage.
The tengu warrior claws you but does no damage.
The cyclops throws a large rock.
The large rock hits you!!!
You die...

.......#, . * ,
.......#,........#
,, , ** , ,,,
,........# ,.....
, , , ,........#
*.......* , ,
,......*.#
#....... ,** , *
......Q.# #......#
, , , ,
........###......#
, ,
.........(.......#
* , *
#@........#*, , *
* , ,,#.Q(......#
,* * , ,
#.C††..####, ,, *
,,,,, ,#......#
,,* * , ,,
#....#.### , * *
,#........# , , *
** #..#.∩.#.# , ,
, ,,...........# ,
, * .........#.###
,


You could see a tengu warrior (inner flame), a cyclops (inner flame), a tengu
conjurer (inner flame) and a battlesphere.

Vanquished Creatures
  Erolcha (D:12)
  Harold (D:10)
  4 two-headed ogres
  An orc knight (D:11)
  An unseen horror (D:11)
  An ugly thing (D:12)
  2 manticores
  2 cyclopes
  Maurice (D:8)
  The ghost of demivan the Chopper, a novice MiFi (D:5)
  3 gargoyles (D:11)
  Maggie (D:8)
  4 trolls
  Prince Ribbit (D:8)
  5 hippogriffs
  A shadow (D:13)
  A wyvern (D:12)
  A wraith (D:12)
  11 yaks
  2 basilisks
  2 hungry ghosts
  A vampire mosquito (D:11)
  A steam dragon (D:9)
  Grum (D:9)
  3 wargs (D:10)
  A water moccasin (D:9)
  6 orc warriors
  A hornet zombie (D:8)
  2 ice beasts
  2 necrophages
  7 sky beasts
  A black bear (D:11)
  5 ogres
  2 phantoms
  An eye of draining (D:12)
  2 wolves (D:9)
  2 crocodiles
  5 centaurs
  4 big kobolds
  8 bullfrogs
  3 scorpions
  2 howler monkeys (D:11)
  6 crimson imps
  5 bullfrog zombies
  2 centaur zombies
  2 hounds
  A quasit (D:11)
  7 centaur skeletons
  A gnoll shaman (D:5)
  11 jellies
  6 orc wizards
  4 orc priests
  3 bullfrog skeletons
  An iguana (D:8)
  Jessica (D:2)
  12 worker ants
  A hound skeleton (D:10)
  2 worker ant zombies
  15 adders
  10 gnolls
  3 shadow imps
  8 oozes
  2 adder skeletons
  4 worms
  4 dart slugs
  8 leopard geckos
  41 orcs
  10 bats
  3 giant cockroaches
  10 goblins
  12 hobgoblins
  10 jackals
  6 quokkas
  2 ball pythons
  6 frilled lizards
  21 kobolds
  11 rats
358 creatures vanquished.

Vanquished Creatures (others)
  A fungus (D:5)
  2 plants (D:5)
3 creatures vanquished.

Grand Total: 361 creatures vanquished

Notes
Turn   | Place    | Note
-------+----------+-------------------------------------------
     0 | D:1      | mopedfahrer the Deep Dwarf Fighter began the quest for the
                  | Orb.
     0 | D:1      | Reached XP level 1. HP: 20/20 MP: 1/1
    48 | D:1      | Reached XP level 2. HP: 24/27 MP: 2/2
   436 | D:1      | Reached XP level 3. HP: 9/34 MP: 0/3
  1149 | D:2      | Reached XP level 4. HP: 31/42 MP: 3/3
  1150 | D:2      | Noticed Jessica
  1153 | D:2      | Killed Jessica
  1153 | D:2      | Reached skill level 3 in Axes
  1197 | D:2      | Found an opulent altar of Gozag.
  1328 | D:2      | Found a stormy altar of Qazlal.
  1791 | D:3      | Reached XP level 5. HP: 26/50 MP: 4/4
  2478 | D:4      | Found a stormy altar of Qazlal.
  2629 | D:4      | Found Xuuruni's Antique Armour Shop.
  2679 | D:4      | Bought a pair of embroidered boots for 240 gold pieces
  2803 | D:4      | Reached XP level 6. HP: 47/57 MP: 5/5
  2979 | D:5      | Entered Level 5 of the Dungeon
  3009 | D:5      | Found a shimmering blue altar of Sif Muna.
  3060 | D:5      | Reached skill level 5 in Shields
  3171 | D:5      | Got a faintly glowing mace
  3172 | D:5      | Identified the +9 mace "Roklec" {antimagic, rC+} (You found
                  | it on level 5 of the Dungeon)
  3197 | D:5      | Reached skill level 4 in Axes
  3342 | D:5      | Reached XP level 7. HP: 37/66 MP: 6/6
  3389 | D:5      | Reached skill level 5 in Armour
  3397 | D:5      | Found a sparkling altar of Nemelex Xobeh.
  3425 | D:5      | Found a runed translucent gate.
  3426 | D:5      | Found a runed translucent gate.
  3427 | D:5      | Found a runed translucent gate.
  3427 | D:5      | Identified the +9 dagger of Nightmares {drain, +Rage}
  3427 | D:5      | Noticed demivan's ghost (novice MiFi)
  3845 | D:5      | Found a hide-covered altar of Uskayaw.
  3939 | D:5      | Reached skill level 5 in Axes
  4019 | D:5      | Killed demivan's ghost
  4019 | D:5      | Reached skill level 5 in Fighting
  4019 | D:5      | Reached skill level 6 in Axes
  4019 | D:5      | Reached XP level 8. HP: 25/74 MP: 3/3
  4241 | D:6      | Found a sacrificial altar of Ru.
  4301 | D:6      | Reached skill level 7 in Axes
  4374 | D:6      | Found a white marble altar of Elyvilon.
  4392 | D:6      | Became a worshipper of Elyvilon the Healer
  5109 | D:7      | Reached * piety under Elyvilon
  5541 | D:7      | Found a staircase to the Ecumenical Temple.
  5572 | D:7      | Found Uciocela's Gadget Emporium.
  5831 | D:8      | Found a staircase to the Lair.
  5831 | D:8      | Noticed a hippogriff
  5831 | D:8      | Noticed a hippogriff
  5841 | D:7      | Killed a hippogriff
  5841 | D:7      | Reached skill level 8 in Axes
  5841 | D:7      | Gained mutation: You passively map the area around you.
                  | [Deep Dwarf growth]
  5841 | D:7      | Reached XP level 9. HP: 60/82 MP: 4/4
  5911 | D:8      | Noticed Prince Ribbit
  5919 | D:8      | Killed Prince Ribbit
  5937 | D:8      | Noticed Maggie
  5948 | D:8      | Noticed Maurice
  5958 | D:8      | Killed Maggie
  5963 | D:8      | Paralysed by Maurice for 2 turns
  5969 | D:8      | Paralysed by Maurice for 2 turns
  5972 | D:8      | Paralysed by Maurice for 3 turns
  5980 | D:8      | Killed Maurice
  5980 | D:8      | Reached skill level 9 in Axes
  6181 | D:8      | Found a shattered altar of Ashenzari.
  6241 | D:8      | Reached skill level 10 in Axes
  6376 | D:8      | Found a shadowy altar of Dithmenos.
  6416 | D:8      | Reached ** piety under Elyvilon
  6439 | D:8      | Reached XP level 10. HP: 77/94 MP: 4/4
  6532 | D:8      | Found an iron altar of Okawaru.
  7013 | D:9      | Reached skill level 11 in Axes
  7239 | D:9      | Noticed Grum
  7252 | D:9      | Killed Grum
  7373 | D:9      | Found a shimmering altar of Xom.
  7378 | D:9      | Found a burning altar of Makhleb.
  7467 | D:10     | Entered Level 10 of the Dungeon
  7467 | D:10     | Noticed a two-headed ogre
  7726 | D:10     | Reached skill level 1 in Invocations
  7746 | D:10     | Found a staircase to the Orcish Mines.
  7775 | D:10     | Noticed Harold
  7798 | D:10     | Killed Harold
  7798 | D:10     | Reached skill level 12 in Axes
  7798 | D:10     | Reached XP level 11. HP: 64/104 MP: 1/3
  7835 | D:10     | Noticed a two-headed ogre
  7873 | D:10     | Killed a two-headed ogre
  8168 | D:10     | Killed a two-headed ogre
  8186 | D:10     | Reached skill level 10 in Armour
  9126 | D:11     | Noticed a two-headed ogre
  9134 | D:11     | Killed a two-headed ogre
  9134 | D:11     | Reached skill level 13 in Axes
  9573 | D:11     | Killed an unseen horror
  9939 | D:11     | Got an ominously black robe
  9940 | D:11     | Identified the +2 robe "Cunest" {rPois rC- MR++ Int+2} (You
                  | found it on level 11 of the Dungeon)
 10156 | D:11     | HP: 3/106 [crocodile (9)]
 10594 | D:11     | Noticed an orc knight
 10604 | D:11     | Reached XP level 12. HP: 79/116 MP: 5/5
 10785 | D:11     | Identified the Compendium of Unholy Arts and Transformation
 11154 | D:12     | Reached skill level 10 in Fighting
 11256 | D:12     | Noticed Erolcha
 11274 | D:12     | Killed Erolcha
 11543 | D:12     | Noticed a two-headed ogre
 11562 | D:12     | Killed a two-headed ogre
 12261 | D:13     | Found a frozen archway.
 12273 | D:13     | Noticed a tengu warrior
 12310 | D:13     | Hit by a large rock thrown by a cyclops

Levels and vault maps discovered:
D:1:      grunt_arrival_crossed_arrows, layout_basic, minmay_pentomino_w4
D:2:      layout_basic, lemuel_doored_altar, nicolae_overflow_crystal_walls,
          uniq_jessica
D:3:      layout_basic, first_ration, grunt_ministairs_7
D:4:      layout_cave_pools, serial_shops, nicolae_shop_waterfront,
          minmay_ruined_shrine
D:5:      layout_cave_pools, nemelex_xobeh_ov_fountains_minmay, kennysheep_mini,
          gammafunk_ghost_nasty_kobolds, basic_altar,
          minmay_misc_feat_more_columns, moated_statue
D:6:      layout_loops_corners, elyvilon_altar_5, hangedman_ru_absence
D:7:      layout_gridville, minmay_temple_entry_junction_2, serial_shops, shop
D:8:      layout_basic, overflow_temple_1_default, lemuel_round_altar,
          david_lair_generic, basic_altar, uniq_maggie, uniq_prince_ribbit1,
          uniq_maurice
D:9:      layout_basic, grunt_temple_overflow_champion_of_chaos,
          hangedman_little_slice_of_home, uniq_grum
D:10:     layout_cave_pools, minmay_orc_entry_guard_dogs, serial_rivers,
          chequers_serial_rivers_small_b, chequers_serial_rivers_small_a,
          chequers_serial_rivers_micro_a, chequers_serial_rivers_micro_e,
          uniq_harold
D:11:     minmay_the_grid_octo_2x2 [minmay_the_grid_octo_clover,
          minmay_the_grid_octo_fan_narrow, minmay_the_grid_octo_clover_2,
          minmay_the_grid_octo_prize_star], layout_basic, st_stairs_12,
          minmay_splitting_lines, small_statue_intersection, minivault_5,
          minmay_door_square, chequers_serial_rivers_small_3
D:12:     layout_basic, chequers_serial_rivers_micro_b, uniq_erolcha
D:13:     minmay_evil_eye, layout_long_grid, special_room [special_room_bee],
          portal_ice_cave_entry_pillars_1, nicolae_qazlal_general_emergency

Skill      XL: |  1  2  3  4  5  6  7  8  9 10 11 12 |
---------------+-------------------------------------+-----
Fighting       | 3 4 5 6 7 8 9 10 | 10.7
Axes           | 3 4 6 8 10 12 13 | 13.8
Armour         | 4 5 7 8 9 10 11 | 11.4
Shields        | 4 5 6 8 |  8.0
Invocations    | 2 4 |  4.1

Action                   |  1- 3 |  4- 6 |  7- 9 | 10-12 || total
-------------------------+-------+-------+-------+-------++-------
Melee: War axe           |   166 |   316 |   442 |   978 ||  1902
       Mace              |       |       |    29 |       ||    29
Invok: Lesser Healing    |       |       |    20 |   129 ||   149
 Abil: Heal Wounds       |     1 |     5 |    13 |    19 ||    38
Evoke: Wand              |       |       |       |     1 ||     1
  Use: Scroll            |       |     4 |     3 |     6 ||    13
 Stab: Sleeping          |       |       |       |     1 ||     1
  Eat: Ration            |     1 |     1 |     5 |    13 ||    20
       Chunk             |       |     2 |       |       ||     2
Armor: Scale mail        |    72 |   130 |   166 |   267 ||   635
       Plate armour      |       |       |       |   134 ||   134
Dodge: Dodged            |    36 |    84 |   115 |   217 ||   452
Block: Kite shield       |    91 |   186 |   238 |   482 ||   997

Table legend:
 A = Non-vault XP
 B = Vault XP
 C = Vault XP percentage of total XP
 D = Non-vault monster count
 E = Vault monster count
 F = Vault count percentage of total count
                 A         B        C        D         E       F
            +---------+---------+-------+---------+---------+-------
      Total |   19094 |   11976 |  38.5 |     279 |      79 |  22.1
            +---------+---------+-------+---------+---------+-------
        D:1 |      60 |      15 |  20.0 |      30 |       7 |  18.9
        D:2 |      75 |      37 |  33.0 |      25 |       1 |   3.8
        D:3 |      55 |       3 |   5.2 |      18 |       2 |  10.0
        D:4 |     101 |     105 |  51.0 |      13 |       5 |  27.8
        D:5 |     692 |     669 |  49.2 |      31 |       7 |  18.4
        D:6 |     900 |       0 |   0.0 |      21 |       0 |   0.0
        D:7 |     318 |       0 |   0.0 |       6 |       0 |   0.0
        D:8 |    1091 |    1893 |  63.4 |      18 |       7 |  28.0
        D:9 |    2736 |     632 |  18.8 |      37 |      12 |  24.5
       D:10 |    3632 |    1486 |  29.0 |      21 |       4 |  16.0
       D:11 |    2571 |    6109 |  70.4 |      23 |      33 |  58.9
       D:12 |    4929 |    1027 |  17.2 |      26 |       1 |   3.7
       D:13 |    1934 |       0 |   0.0 |      10 |       0 |   0.0
            +---------+---------+-------+---------+---------+-------
